 Dungeon Crawl Stone Soup version 0.29-a0-340-g6efceafd81 (webtiles) character file.

Game seed: 14189121425633493755

1801 ooooo the Stinger (level 8, -3/60 HPs)
             Began as a Demonspawn Venom Mage on Apr 20, 2022.
             Was an Initiate of Gozag.
             Slain by a vampire mosquito (7 damage)
             ... on level 7 of the Dungeon on Sept 24, 2022.
             The game lasted 00:27:21 (9717 turns).

ooooo the Stinger (Demonspawn Venom Mage)           Turns: 9717, Time: 00:27:22

Health: -3/60      AC:  8    Str:  8    XL:     8   Next: 83%
Magic:  14/14      EV: 13    Int: 19    God:    Gozag
Gold:   543        SH:  0    Dex: 14    Spells: 6/15 levels left

rFire   . . .      SeeInvis .   f - +0 dagger
rCold   . . .      Faith    .   (no shield)
rNeg    . . .      Spirit   .   o - +0 leather armour
rPois   .          Reflect  .   (helmet restricted)
rElec   .          Harm     .   (no cloak)
rCorr   .          Rampage  .   u - +1 pair of gloves
Will    .....                   n - +2 pair of boots
Stlth   +++.......              (no amulet)
HPRegen 0.20/turn               (no ring)
MPRegen 0.14/turn               (no ring)

@: no status effects
A: horns 1, powered by death 2, weakness stinger 1
a: Renounce Religion, Potion Petition, Call Merchant, Bribe Branch


You were on level 7 of the Dungeon.
You worshipped Gozag.
Gozag was pleased with you.
You visited 2 branches of the dungeon, and saw 8 of its levels.

You collected 611 gold pieces.
You paid 68 gold pieces to Gozag.

Inventory:

Hand Weapons
 f - a +0 dagger (weapon)
 t - a +2 dagger of holy wrath
 B - a +0 whip of venom
Missiles
 H - a throwing net
Armour
 a - a +0 robe
 b - a +0 scale mail
 l - a +0 buckler
 n - a +2 pair of boots (worn)
 o - a +0 leather armour (worn)
 u - a +1 pair of gloves (worn)
 y - an orb of energy
 D - a +0 buckler
Magical Staves
 m - a staff of air
 z - a staff of death
Jewellery
 C - a ring of poison resistance
Wands
 e - a wand of polymorph (22)
 s - a wand of charming (2)
 I - a wand of flame (27)
Scrolls
 c - 2 scrolls of fear
 k - 4 scrolls of teleportation
 q - a scroll of enchant armour
 v - 3 scrolls of vulnerability
 x - a scroll of identify
 G - a scroll of enchant weapon {unknown}
Potions
 d - a potion of mutation
 g - 2 potions of heal wounds
 h - 2 potions of brilliance
 i - a potion of lignification
 j - 2 potions of invisibility
 p - 2 potions of curing
 r - 3 potions of attraction
 w - a potion of flight
 A - a potion of ambrosia {unknown}
 E - a potion of haste {unknown}
 F - a potion of might {unknown}


   Skills:
 + Level 3.7 Fighting
 + Level 4.4 Dodging
 + Level 4.6 Stealth
 + Level 4.3 Spellcasting
 * Level 4.2 Conjurations
 - Level 3.5 Transmutations
 + Level 5.3 Poison Magic


You had 6 spell levels left.
You knew the following spells:

 Your Spells              Type           Power      Damage    Failure   Level
a - Sting                 Tmut/Pois      84%        1d7       3%          1
b - Poisonous Vapours     Pois/Air       28%        N/A       10%         2
c - Mephitic Cloud        Conj/Pois/Air  16%        N/A       16%         3
d - Foxfire               Conj/Fire      48%        2x1d6     9%          1
e - Searing Ray           Conj           40%        2d5       5%          2

Your spell library contained the following spells:

 Spells                   Type           Power      Damage    Failure   Level
 Magic Dart               Conj           80%        1d7       3%          1
 Pain                     Necr           16%        1d4       19%         1
 Olgreb's Toxic Radiance  Pois           24%        N/A       22%         4
 Conjure Flame            Conj/Fire      12%        6-21      24%         3
 Blink                    Tloc           8%         N/A       28%         2
 Corpse Rot               Necr/Air       8%         N/A       28%         2
 Inner Flame              Hex/Fire       4%         N/A       50%         3
 Lesser Beckoning         Tloc           4%         N/A       50%         3
 Flame Wave               Conj/Fire      12%        2d6       63%         4
 Fulminant Prism          Conj/Hex       6%         3d7       63%         4
 Petrify                  Tmut/Erth      10%        N/A       67%         4
 Dispel Undead            Necr           4%         3d7       88%         4
 Agony                    Necr           4%         N/A       99%         5
 Excruciating Wounds      Necr           2%         N/A       99%         5
 Manifold Assault         Tloc           4%         N/A       99%         5
 Metabolic Englaciation   Hex/Ice        2%         N/A       99%         5
 Death Channel            Necr           2%         N/A       100%        6
 Statue Form              Tmut/Erth      6%         N/A       100%        6


Dungeon Overview and Level Annotations

Branches:
Dungeon (7/15)             Temple (1/1) D:4

Altars:
Ashenzari
Cheibriados
Elyvilon
Fedhas
Gozag
Hepliaklqana
Kikubaaqudgha
Makhleb
Nemelex Xobeh
Okawaru
Qazlal
Ru
Trog
Uskayaw
Wu Jian
Xom
Zin
The Shining One


Innate Abilities, Weirdness & Mutations

You have a pair of small horns on your head.
You regenerate health from kills.
You have a small tail.


Message History

The vampire mosquito barely misses you.
The vampire mosquito bites you but does no damage.
The vampire mosquito bites you.
The vampire mosquito draws strength from your injuries!
The vampire mosquito barely misses you. The vampire mosquito barely misses you.
The vampire mosquito misses you. The vampire mosquito bites you.
The vampire mosquito draws strength from your injuries!
The vampire mosquito bites you but does no damage.
The vampire mosquito barely misses you.
The vampire mosquito closely misses you.
The vampire mosquito closely misses you. x2
The vampire mosquito closely misses you.
The vampire mosquito bites you.
The vampire mosquito draws strength from your injuries!
The vampire mosquito misses you. The vampire mosquito bites you.
The vampire mosquito draws strength from your injuries!
The vampire mosquito bites you!
The vampire mosquito draws strength from your injuries!
The vampire mosquito bites you.
The vampire mosquito draws strength from your injuries!
The vampire mosquito bites you but does no damage.
The vampire mosquito misses you. The vampire mosquito barely misses you.
The vampire mosquito barely misses you. The vampire mosquito bites you!
* * * LOW HITPOINT WARNING * * *
The vampire mosquito draws strength from your injuries!
The vampire mosquito bites you but does no damage.
The vampire mosquito misses you. The vampire mosquito bites you.
* * * LOW HITPOINT WARNING * * *
The vampire mosquito draws strength from your injuries!
The vampire mosquito bites you.
* * * LOW HITPOINT WARNING * * *
The vampire mosquito draws strength from your injuries!
The vampire mosquito misses you.
The vampire mosquito closely misses you.
The vampire mosquito bites you!
You die...
Your body crumbles into a pile of gold.

$ #... #.####..#.##.#.# ...#
#.......#.###.## ...
.#..........#### ..#
.####..###.## ##.. ..#
#..######## ..##...##.#
#.÷.###...# ........#.#
##.#..#.°.#
$......y#.####.###.)÷÷#
#############@.##....#######
..................#....###
.#######.......#######...#
#.##..#.## ##.## #.##.....#
#.# #.....#..# #.#
#........# ##'## ########.#
##...## ###.# ##.....##


You could see a vampire mosquito.

Vanquished Creatures
  Sigmund (D:5)
  A water moccasin (D:5)
  An ice beast (D:6)
  An ogre (D:7)
  A centaur (D:6)
  A phantom (D:6)
  Blork the orc (D:4)
  A gnoll sergeant (D:6)
  2 bullfrogs
  A necrophage (D:5)
  4 scorpions
  4 hounds
  A jelly (D:6)
  4 iguanas (D:5)
  2 orc wizards
  Natasha (thrice) (D:3)
  3 gnolls (D:6)
  9 adders
  A shadow imp (D:7)
  2 white imps
  An ufetubus (D:7)
  3 worms
  3 dart slugs
  7 orcs
  12 ball pythons
  4 endoplasms
  4 giant cockroaches
  7 goblins
  8 hobgoblins
  2 jackals (D:1)
  8 quokkas
  5 bats
  3 frilled lizards (D:1)
  12 kobolds
  4 rats
127 creatures vanquished.

Vanquished Creatures (collateral kills)
  A scorpion (D:6)
  A jelly (D:5)
2 creatures vanquished.

Vanquished Creatures (others)
  25 foxfires (D:6)
25 creatures vanquished.

Grand Total: 154 creatures vanquished

Notes
Turn   | Place    | Note
-------+----------+-------------------------------------------
     0 | D:1      | ooooo the Demonspawn Venom Mage began the quest for the
                  | Orb.
     0 | D:1      | Reached XP level 1. HP: 13/13 MP: 3/3
    93 | D:1      | Reached skill level 1 in Transmutations
   340 | D:1      | Gained mutation: You regenerate a little health from kills.
                  | [demonic ancestry]
   340 | D:1      | Reached XP level 2. HP: 19/19 MP: 3/5
   897 | D:1      | Reached XP level 3. HP: 24/24 MP: 4/6
  1170 | D:1      | Learned a level 2 spell: Poisonous Vapours
  1445 | D:2      | Found an ornate altar of the Wu Jian Council.
  1533 | D:2      | Found a faded altar of an unknown god.
  1769 | D:2      | Reached XP level 4. HP: 16/30 MP: 0/7
  2238 | D:2      | Learned a level 3 spell: Mephitic Cloud
  3030 | D:3      | Noticed Natasha
  3041 | D:3      | Killed Natasha
  3057 | D:3      | Noticed Natasha
  3072 | D:3      | Killed Natasha
  3073 | D:3      | Gained mutation: You regenerate health from kills. [demonic
                  | ancestry]
  3073 | D:3      | Reached XP level 5. HP: 22/36 MP: 1/9
  3594 | D:3      | Reached skill level 1 in Conjurations
  3605 | D:3      | Noticed Natasha
  3612 | D:3      | Killed Natasha
  3613 | D:3      | Reached skill level 1 in Fighting
  4169 | D:4      | Found a staircase to the Ecumenical Temple.
  4170 | D:4      | Noticed Blork the orc
  4176 | D:4      | Killed Blork the orc
  4177 | D:4      | Reached XP level 6. HP: 32/43 MP: 0/10
  4187 | Temple   | Entered the Ecumenical Temple
  4754 | D:4      | Found an opulent altar of Gozag.
  4757 | D:4      | Found an iron altar of Okawaru.
  4758 | D:4      | Found a broken altar of Ashenzari.
  4762 | D:4      | Became a worshipper of Gozag Ym Sagoz the Greedy
  5185 | D:5      | Entered Level 5 of the Dungeon
  5204 | D:4      | Reached skill level 4 in Poison Magic
  5435 | D:5      | Noticed a water moccasin
  5461 | D:5      | Killed a water moccasin
  5695 | D:5      | Discovered your monstrous ancestry.
  5695 | D:5      | Gained mutation: You have a pair of small horns on your
                  | head. [demonic ancestry]
  5695 | D:5      | Reached XP level 7. HP: 47/49 MP: 6/11
  5839 | D:5      | Noticed Sigmund
  6247 | D:5      | Killed Sigmund
  7371 | D:6      | Gained mutation: You have a small tail. [demonic ancestry]
  7371 | D:6      | Reached XP level 8. HP: 27/57 MP: 13/13
  8273 | D:5      | Learned a level 1 spell: Foxfire
  8298 | D:6      | Reached skill level 5 in Poison Magic
  9243 | D:6      | Found a hazy altar of Hepliaklqana.
  9350 | D:6      | Learned a level 2 spell: Searing Ray
  9431 | D:7      | Found a bloodstained altar of Trog.
  9717 | D:7      | Slain by a vampire mosquito

Illustrated notes

Levels and vault maps discovered:
D:1:      lemuel_arrival_funnel, layout_basic
D:2:      layout_basic, basic_altar, hellmonk_ecumenical_altar_crossroads
D:3:      layout_loops_ring, uniq_natasha
D:4:      layout_loops_ring, grunt_temple_overflow_open, temple_pool_b,
          uniq_blork_the_orc
D:5:      layout_loops_cross, serial_park_tiny_2, kennysheep_generic_room_7,
          uniq_sigmund
D:6:      nicolae_cairo_tiling_large, layout_basic,
          worldfamousw_hep_ancestral_shrine
D:7:      minmay_the_grid_triangle_9x9_recursive_2
          [minmay_the_grid_triangle_9x9_prize_top_heavy,
          minmay_the_grid_triangle_9x9_pentomino_pain,
          minmay_the_grid_triangle_9x9_swiss_cheese,
          minmay_the_grid_triangle_9x9_skeleton], layout_loops_corners,
          lemuel_tele_altar, grunt_ogre_cave, uniq_crazy_yiuf_cottage
Temple:   minmay_temple_forest_path

Skill      XL: |  1  2  3  4  5  6  7  8 |
---------------+-------------------------+-----
Transmutations | 1 2 3 |  3.5
Stealth        | 2 3 4 |  4.6
Dodging        | 2 3 4 |  4.4
Conjurations   | 1 2 4 |  4.2
Fighting       | 1 2 3 |  3.7
Spellcasting   | 3 4 |  4.3
Poison Magic   | 4 5 |  5.3

Action                   |  1- 3 |  4- 6 |  7- 9 || total
-------------------------+-------+-------+-------++-------
Melee: Dagger            |    45 |    85 |    85 ||   215
       Staff             |       |       |    32 ||    32
       Headbutt          |       |       |    34 ||    34
       Punch             |       |       |     1 ||     1
       Tailslap          |       |       |     9 ||     9
 Cast: Sting             |    62 |    67 |   100 ||   229
       Poisonous Vapours |     6 |     2 |       ||     8
       Mephitic Cloud    |       |     2 |     9 ||    11
       Foxfire           |       |       |    13 ||    13
       Searing Ray       |       |       |     2 ||     2
Evoke: Wand              |       |     2 |     6 ||     8
  Use: Scroll            |       |    15 |     1 ||    16
       Potion            |       |       |     2 ||     2
 Stab: Sleeping          |     5 |     3 |     3 ||    11
       Confused          |       |       |     5 ||     5
Armor: Robe              |    36 |     5 |       ||    41
       Leather armour    |       |    41 |    77 ||   118
Dodge: Dodged            |    68 |    86 |   148 ||   302

Table legend: (Time is in decaauts)
 A = Elapsed time spent in this place.
 B = Non-inter-level travel time spent in this place.
 C = Inter-level travel time spent in this place.
 D = Time resting spent in this place.
 E = Time spent auto-exploring this place.
 F = Levels seen in this place.
 G = Mean time per level.
                   A        B        C        D        E       F      G
               +--------+--------+--------+--------+--------+-----+--------+
         Total |   9731 |   9388 |    343 |   2330 |   5207 |   8 | 1216.4 |
       Dungeon |   9303 |   9014 |    289 |   2330 |   4855 |   7 | 1329.0 |
        Temple |    427 |    373 |     54 |      0 |    352 |   1 |  427.0 |
               +--------+--------+--------+--------+--------+-----+--------+

Top non-repeatable levels by time:
     D:5: 2429 daAuts
     D:2: 1668 daAuts
     D:6: 1442 daAuts
     D:3: 1293 daAuts
     D:1: 1180 daAuts
     D:4: 921 daAuts
  Temple: 427 daAuts
     D:7: 368 daAuts
